 Dungeon Crawl Stone Soup version 0.29-a0-322-g68df515428 (webtiles) character file.

Game seed: 10682139004647277565

39 NotOkHand the Chopper (level 3, 0/30 HPs)
             Began as a Minotaur Gladiator on Apr 7, 2022.
             Slain by a gnoll
             ... wielding a +0 whip
              (6 damage)
             ... on level 2 of the Dungeon.
             The game lasted 00:08:35 (1282 turns).

NotOkHand the Chopper (Minotaur Gladiator)          Turns: 1282, Time: 00:08:36

Health: 0/30       AC:  7    Str: 20    XL:     3   Next: 26%
Magic:  2/2        EV: 11    Int:  5    God:
Gold:   59         SH:  0    Dex: 11    Spells: 2/2 levels left

rFire   + . .      SeeInvis .   n - +1 whip (flame)
rCold   x . .      Faith    .   (no shield)
rNeg    . . .      Spirit   .   p - +0 scale mail
rPois   .          Reflect  .   c - +0 hat
rElec   .          Harm     .   (no cloak)
rCorr   .          Rampage  .   i - +0 pair of gloves
Will    .....                   (no boots)
Stlth   ..........              (no amulet)
HPRegen 0.10/turn               l - ring of fire
MPRegen 0.08/turn               (no ring)

@: no status effects
A: horns 2, retaliatory headbutt
a: no special abilities


You were on level 2 of the Dungeon.
You visited 1 branch of the dungeon, and saw 2 of its levels.

You collected 59 gold pieces.

Inventory:

Hand Weapons
 a - a +0 war axe
 g - a +1 battleaxe
 n - a +1 whip of flaming (weapon)
Missiles
 d - 3 throwing nets (quivered)
 e - a javelin
Armour
 b - a +0 leather armour
 c - a +0 hat (worn)
 i - a +0 pair of gloves (worn)
 p - a +0 scale mail (worn)
Jewellery
 l - a ring of fire (left hand)
Potions
 f - 4 potions of curing {unknown}
 h - a potion of mutation {unknown}
 j - a potion of resistance {unknown}
 k - 2 potions of heal wounds {unknown}
 m - a potion of brilliance {unknown}


   Skills:
 + Level 2.8 Fighting
 + Level 4.3 Axes
 + Level 2.0 Throwing
 + Level 0.4 Armour
 + Level 4.0 Dodging


You had 2 spell levels left.
You didn't know any spells.
Your spell library contained the following spells:

 Spells                   Type           Power      Damage    Failure   Level
 Ensorcelled Hibernation  Hex/Ice        0%         N/A       94%         2
 Call Canine Familiar     Summ           0%         N/A       99%         3
 Gell's Gravitas          Tloc           0%         N/A       99%         3
 Ozocubu's Armour         Ice            0%         N/A       99%         3
 Summon Guardian Golem    Hex/Summ       0%         N/A       99%         3
 Teleport Other           Tloc           0%         N/A       99%         3
 Dispersal                Tloc           0%         N/A       100%        6
 Dragon's Call            Summ           0%         N/A       100%        9


Dungeon Overview and Level Annotations

Branches:
Dungeon (2/15)

Altars:

Shops:
D:1 (


Innate Abilities, Weirdness & Mutations

You have a pair of horns on your head.
You reflexively headbutt those who attack you in melee.


Message History

You closely miss the gnoll.
You headbutt the gnoll, but do no damage.
The gnoll barely misses you.
You hit the gnoll but do no damage. You headbutt the gnoll.
The gnoll is heavily wounded.
The gnoll hits you from afar with a +0 spear.
The gnoll closely misses you.
You barely miss the gnoll.
The gnoll is heavily wounded.
The gnoll hits you from afar with a +0 spear.
The gnoll hits you with a +0 flail.
You closely miss the gnoll.
The gnoll is heavily wounded.
The gnoll hits you from afar with a +0 spear.
The gnoll completely misses you.
You barely miss the gnoll.
The gnoll is heavily wounded.
The gnoll hits you from afar with a +0 spear.
The gnoll hits you but does no damage.
You whack the gnoll! You burn the gnoll.
You kill the gnoll!
The gnoll closely misses you.
Your Dodging skill increases to level 4!
The gnoll hits you but does no damage.
You hit the gnoll. You burn the gnoll. Your headbutt misses the gnoll.
The gnoll is moderately wounded.
The gnoll barely misses you. The gnoll hits you but does no damage.
The gnoll hits you with a +0 whip.
* * * LOW HITPOINT WARNING * * *
You barely miss the gnoll. The gnoll barely misses you. x2
You hit the gnoll. You burn the gnoll.
The gnoll is moderately wounded.
The gnoll hits you with a +0 spear.
* * * LOW HITPOINT WARNING * * *
The gnoll barely misses you. x2
You barely miss the gnoll.
The gnoll is moderately wounded.
The gnoll closely misses you. The gnoll barely misses you.
The gnoll hits you with a +0 whip.
You die...

#.,#.#***####...##***##..#.#.#
*,,*,* #....,,,,......... *,,*,*
#...#*######...#.# *,,*,*
#****#...# #...........
****,,***##.,,,#...# #.#####..#.#
,,,,,,,,,....,,#..†###.# ##.#.#
,,,,******#...,#.......######...#
,,,,*****##....#g..##............
,,,,,,,,,.....g.@................
,,,,**,,,...####g..###.######...#
,,,,,+,,,,,,+......# #.# #.#.#
*,*,**,,,,,,####...# #.# **#.#.#
*,*,*******,***#...#*#.#***,.....
,,,,,,,,,,,,,,,.....,...,,,......
*,*,*******+*,###....,..,,,......
*,*,* *,,,,,,,* #..###,****.#.##,
*,*,* *,,,,,,,***,,***,****,*,**,


You could see 3 gnolls.

Vanquished Creatures
  A gnoll (D:2)
  3 endoplasms
  5 giant cockroaches
  2 goblins (D:1)
  3 hobgoblins (D:1)
  3 jackals (D:1)
  A quokka (D:1)
  2 ball pythons
  3 kobolds
  A rat (D:1)
24 creatures vanquished.

Notes
Turn   | Place    | Note
-------+----------+-------------------------------------------
     0 | D:1      | NotOkHand the Minotaur Gladiator began the quest for the
                  | Orb.
     0 | D:1      | Reached XP level 1. HP: 18/18 MP: 0/0
   430 | D:1      | Reached XP level 2. HP: 25/25 MP: 1/1
   678 | D:1      | Got Mepo's Volume of Creative Snow
   839 | D:1      | Found Gorchyili's Weapon Shop.
  1271 | D:2      | Reached XP level 3. HP: 30/30 MP: 2/2
  1282 | D:2      | Slain by a gnoll

Illustrated notes

Levels and vault maps discovered:
D:1:      spicycebolla_arrival_xxxplode, layout_basic, serial_shops, shop,
          corexii_corridor_pit, skrybe_limestone_x
D:2:      layout_basic, st_stairs_7, uniq_robin

Skill      XL: |  1  2  3 |
---------------+----------+-----
Axes           | 4 |  4.3
Dodging        | 4 |  4.0
Fighting       | |  2.8
Throwing       | |  2.0
Armour         | |  0.4

Action                   || total
-------------------------++-------
Melee: Battleaxe         ||    36
       Headbutt          ||     9
       War axe           ||     1
       Whip              ||    13
  Use: Scroll            ||     6
Armor: Leather armour    ||    15
       Scale mail        ||     3
Dodge: Dodged            ||    44

Table legend: (Time is in decaauts)
 A = Elapsed time spent in this place.
 B = Non-inter-level travel time spent in this place.
 C = Inter-level travel time spent in this place.
 D = Time resting spent in this place.
 E = Time spent auto-exploring this place.
 F = Levels seen in this place.
 G = Mean time per level.
                   A        B        C        D        E       F      G
               +--------+--------+--------+--------+--------+-----+--------+
         Total |   1298 |    393 |    905 |      0 |      0 |   2 |  649.0 |
       Dungeon |   1298 |    393 |    905 |      0 |      0 |   2 |  649.0 |
               +--------+--------+--------+--------+--------+-----+--------+

Top non-repeatable levels by time:
     D:1: 1148 daAuts
     D:2: 149 daAuts
